 Dungeon Crawl Stone Soup version 0.29.1-14-g9c671dbff4 (webtiles) character file.

Game seed: 4933337089076478784

7588 croobank the Nimble (level 10, -14/48 HPs)
             Began as a Felid Summoner on Feb 18, 2023.
             Was an Initiate of Gozag.
             Killed from afar by a guardian serpent (25 damage)
             ... with a bolt of poison
             ... on level 2 of the Lair of Beasts on Feb 20, 2023.
             The game lasted 01:15:58 (15112 turns).

croobank the Nimble (Felid Summoner)               Turns: 15112, Time: 01:15:58

Health: -14/48     AC: 10    Str:  8    XL:     10   Next: 97%
Magic:  12/22      EV: 23    Int: 22    God:    Gozag
Gold:   1337       SH:  0    Dex: 16    Spells: 9/24 levels left
                                        Lives:  0   Deaths: 3

rFire   . . .      SeeInvis +   (weapon unavailable)
rCold   . . .      Faith    .   (shield unavailable)
rNeg    . . .      Spirit   .   (body armour unavailable)
rPois   .          Reflect  .   (helmet unavailable)
rElec   .          Harm     .   (cloak unavailable)
rCorr   .          Rampage  .   (gloves unavailable)
Will    +....                   (boots unavailable)
Stlth   +++.......              j - amulet of regeneration
HPRegen 0.96/turn               o - ring "Qunayl" {AC+4 Str+4}
MPRegen 0.18/turn               x - +4 ring of protection

@: lethally poisoned (-14 -> -25), gold aura, very slightly contaminated, quick
A: very small, claws 1, fangs 3, see invisible, speed 1, shaggy fur 2, stealthy
paws, no weapons or thrown items, no armour, multi-lived
a: Renounce Religion, Potion Petition, Call Merchant, Bribe Branch


You were on level 2 of the Lair of Beasts.
You worshipped Gozag.
Gozag was most pleased with you.
You visited 3 branches of the dungeon, and saw 12 of its levels.

You collected 1558 gold pieces.
You spent 54 gold pieces at shops.
You paid 167 gold pieces to Gozag.

Inventory:

Jewellery
 j - an amulet of regeneration (around neck)
 o - the ring "Qunayl" (left paw) {AC+4 Str+4}
   (You found it on level 3 of the Dungeon)

   [ring of protection]

   AC:        It affects your AC (+4).
   Str:       It affects your strength (+4).
 x - a +4 ring of protection (right paw)
Wands
 b - a wand of flame (29)
 d - a wand of acid (5)
 n - a wand of iceblast (8)
 v - a wand of paralysis (5)
 A - a wand of polymorph (10)
Scrolls
 p - 4 scrolls of amnesia
 q - 2 scrolls of magic mapping
 z - a scroll of vulnerability
Potions
 a - 2 potions of magic
 c - 2 potions of cancellation
 e - a potion of attraction
 f - 4 potions of brilliance
 g - 2 potions of mutation
 h - 2 potions of curing
 i - 3 potions of lignification
 k - a potion of ambrosia
 l - a potion of flight
 m - 2 potions of invisibility
 s - 2 potions of heal wounds
 t - 5 potions of resistance {unknown}
 u - 2 potions of berserk rage {unknown}
 w - 4 potions of might {unknown}


   Skills:
 + Level 8.0 Fighting
 + Level 10.6 Dodging
 - Level 3.7 Stealth
 + Level 7.5 Spellcasting
 - Level 5.0 Hexes
 + Level 8.9 Summonings
 - Level 3.0 Translocations
 - Level 7.0 Air Magic


You had 9 spell levels left.
You knew the following spells:

 Your Spells              Type           Power      Damage    Failure   Level
a - Summon Small Mammal   Summ           100%       N/A       1%          1
b - Call Imp              Summ           47%        N/A       1%          2
c - Call Canine Familiar  Summ           47%        N/A       1%          3
d - Summon Guardian Gole  Hex/Summ       39%        N/A       1%          3
e - Summon Lightning Spi  Summ/Air       43%        N/A       3%          4
f - Blink                 Tloc           42%        N/A       3%          2

Your spell library contained the following spells:

 Spells                   Type           Power      Damage    Failure   Level
 Swiftness                Air            39%        N/A       1%          3
 Static Discharge         Conj/Air       23%        3-6/arc   2%          2
 Ensorcelled Hibernation  Hex/Ice        38%        N/A       4%          2
 Gell's Gravitas          Tloc           21%        N/A       7%          3
 Lesser Beckoning         Tloc           21%        N/A       7%          3
 Teleport Other           Tloc           21%        N/A       7%          3
 Foxfire                  Conj/Fire      32%        2x1d5     8%          1
 Inner Flame              Hex/Fire       19%        N/A       9%          3
 Passwall                 Tmut/Erth      6%         N/A       12%         2
 Sublimation of Blood     Necr           8%         N/A       12%         2
 Silence                  Hex/Air        17%        N/A       19%         5
 Conjure Flame            Conj/Fire      8%         6-21      24%         3
 Lightning Bolt           Conj/Air       11%        1d24      45%         5
 Manifold Assault         Tloc           21%        N/A       54%         5
 Flame Wave               Conj/Fire      8%         2d5       61%         4
 Fireball                 Conj/Fire      4%         3d4       91%         5
 Starburst                Conj/Fire      4%         6d3       100%        6
 Ignition                 Fire           4%         3d4       100%        8
 Maxwell's Capacitive Co  Air            19%        ∞         100%        8
 Necromutation            Tmut/Necr      4%         N/A       100%        8


Dungeon Overview and Level Annotations

Branches:
Dungeon (9/15)             Temple (1/1) D:4            Lair (2/5) D:8
 Shoals (0/4) Lair:2        Snake (0/4) Lair:2          Orc (0/2) D:9

Altars:
Ashenzari
Cheibriados
Dithmenos
Elyvilon
Fedhas
Gozag
Hepliaklqana
Kikubaaqudgha
Makhleb
Nemelex Xobeh
Okawaru
Qazlal
Ru
Sif Muna
Trog
Uskayaw
Vehumet
Wu Jian
Xom
Yredelemnul
Zin
The Shining One

Shops:
D:1 :![[   D:3 *

Annotations:
D:5 3 runed translucent doors, mkat's ghost, novice MfCA
D:9 3 runed translucent doors


Innate Abilities, Weirdness & Mutations

You have sharp claws.
You have razor-sharp teeth.
You have supernaturally acute eyesight. (SInv)
You cover ground quickly. (Speed+)
You are covered in thick fur. (AC +2)
Your paws help you pounce on unaware monsters.
You are incapable of wielding weapons or throwing items.
You cannot wear armour.
You gain extra lives every three experience levels.


Message History

Confirm with . or Enter, or press ? or * to list all spells.
A guardian golem appears, shielding your allies.
You feel sick.
The guardian serpent closely misses you.
The guardian serpent is distracted by your dazzling golden aura.
Casting: Summon Guardian Golem (safe; 1% risk of failure)
Confirm with . or Enter, or press ? or * to list all spells.
You don't know that spell.
Casting: Summon Guardian Golem (safe; 1% risk of failure)
Confirm with . or Enter, or press ? or * to list all spells.
You miscast Summon Lightning Spire.
You are very lightly contaminated with residual magic.
You are blasted with air.
You feel sick.
The guardian serpent is no longer distracted by gold.
The guardian serpent closely misses you.
You feel sick.
The guardian serpent hits your guardian golem.
The guardian serpent barely misses your guardian golem.
You see here 26 gold pieces.
Casting: Summon Lightning Spire (dangerous; 3% risk of failure)
Confirm with . or Enter, or press ? or * to list all spells.
An electric hum fills the air.
You feel sick.
The guardian serpent hits your guardian golem!!
The guardian serpent hits your guardian golem!
Your guardian golem overheats!
You feel sick.
The guardian serpent coils itself and waves its upper body at you.
The bolt of poison hits your lightning spire.
Your lightning spire completely resists.
The bolt of poison hits you!!
You are more poisoned.
* * * LOW HITPOINT WARNING * * *
You feel better.
The guardian serpent coils itself and waves its upper body at you.
The bolt of poison hits your lightning spire.
Your lightning spire completely resists.
The bolt of poison hits you!!
You are lethally poisoned!
Ouch! That really hurt!
You die...
Your body crumbles into a pile of gold.

############# ############
P.##........#####.$.##..P.P#.#
................@89.............
.........##..####..S..#P.###....
........####### #.....#######...
#..#.....##.#.###.....##...#...
........###....##...........#
...#....#.......#..........P# .
..............###.....#.....# ..
...#....P....## #.....#.....# ...
.#.......###.####......#....#....


You could see a guardian serpent (ally target), a friendly guardian golem
(summoned, inner flame) and a friendly lightning spire (summoned, sheltered).

Vanquished Creatures
  An elephant (Lair:2)
  A blink frog (Lair:2)
  A centaur (D:8)
  A wolf (D:8)
  A bullfrog (D:6)
  5 electric eels (D:8)
  A hound (D:8)
  An iguana (D:4)
  2 orc wizards
  A dart slug (D:1)
  A bat (D:1)
  An endoplasm (D:2)
  A giant cockroach (D:3)
  A jackal (D:2)
  3 kobolds
  A quokka (D:1)
  2 ball pythons
  2 goblins
  A rat (D:1)
28 creatures vanquished.

Vanquished Creatures (collateral kills)
  2 two-headed ogres (D:9)
  Pikel (D:8)
  A cane toad (Lair:1)
  A rime drake (Lair:1)
  A komodo dragon (Lair:1)
  A polar bear (Lair:1)
  4 blink frogs (Lair:2)
  2 shadows
  2 yaks (Lair:1)
  A basilisk (Lair:1)
  A steam dragon (D:8)
  4 water moccasins
  3 black bears
  2 sky beasts (D:8)
  3 ogres
  2 wolves (D:8)
  2 kobold brigands
  4 bullfrogs
  A scorpion (D:5)
  A howler monkey (D:9)
  3 orc priests (D:9)
  4 hounds
  2 iguanas
  Ijyb (D:3)
  4 orc wizards
  2 hell rats (Lair:1)
  A nameless horror (D:6)
  3 gnolls (D:9)
  5 adders
  A white imp (D:5)
  A dart slug (D:4)
  22 orcs
  4 bats
  8 endoplasms
  4 giant cockroaches
  6 goblins
  8 hobgoblins
  5 jackals
  3 ball pythons
  2 frilled lizards (D:3)
  12 kobolds
  8 rats
148 creatures vanquished.

Vanquished Creatures (others)
  A hydra (Lair:1)
  Urug (Lair:1)
  A troll (D:8)
  Prince Ribbit (D:6)
  A wraith (D:8)
  A yak (Lair:1)
  A steam dragon (D:7)
  An acid dragon (D:8)
  A water moccasin (D:7)
  An ice beast (D:6)
  A sky beast (D:5)
  An orc warrior (D:9)
  A black bear (D:7)
  A wolf (D:8)
  A centaur (D:8)
  2 gnoll sergeants
  2 bullfrogs
  2 orc priests
  An iguana (D:6)
  3 hell rats (Lair:1)
  6 gnolls
  2 orcs (D:6)
  10 fungi
  24 plants
67 creatures vanquished.

Grand Total: 243 creatures vanquished

Notes
Turn   | Place    | Note
-------+----------+-------------------------------------------
     0 | D:1      | croobank the Felid Summoner began the quest for the Orb.
     0 | D:1      | Reached XP level 1. HP: 7/7 MP: 4/4
    13 | D:1      | Found Bogimmos's Distillery.
   179 | D:1      | Found Fittix's Armour Shoppe.
   537 | D:1      | Reached skill level 3 in Dodging
   537 | D:1      | Reached XP level 2. HP: 4/11 MP: 6/6
   842 | D:1      | Learned a level 2 spell: Call Imp
   852 | D:1      | Found Roith's Book Shop.
  1257 | D:1      | Found Loomiv's Antique Armour Emporium.
  1595 | D:2      | Found a bloodstained altar of Trog.
  2247 | D:2      | Reached XP level 3. HP: 10/14 MP: 2/7
  2259 | D:2      | Learned a level 3 spell: Call Canine Familiar
  3203 | D:3      | Found Irhaumok's Assorted Antiques.
  3214 | D:3      | Bought a dark potion for 18 gold pieces
  3214 | D:3      | Bought a coppery potion for 18 gold pieces
  3214 | D:3      | Bought a sedimented yellow potion for 18 gold pieces
  3245 | D:3      | Noticed Ijyb
  3260 | D:3      | Killed Ijyb
  3261 | D:3      | Reached XP level 4. HP: 18/18 MP: 1/8
  3388 | D:3      | Reached skill level 1 in Fighting
  4062 | D:3      | Identified the ring "Qunayl" {AC+4 Str+4}
  4481 | D:4      | Reached skill level 4 in Dodging
  4732 | D:4      | Noticed an ogre
  4746 | D:4      | Killed an ogre
  4747 | D:4      | Reached XP level 5. HP: 23/23 MP: 3/10
  4935 | D:4      | Killed from afar by an orc priest
  4936 | D:4      | Reached XP level 4. HP: -3/20 MP: 0/9
  5140 | D:4      | Noticed an ogre
  5152 | D:4      | Killed an ogre
  5153 | D:4      | Reached XP level 5. HP: 24/24 MP: 6/10
  5310 | D:4      | Found a staircase to the Ecumenical Temple.
  5318 | Temple   | Entered the Ecumenical Temple
  5614 | D:4      | Reached skill level 5 in Summonings
  5619 | D:4      | Learned a level 3 spell: Summon Guardian Golem
  5736 | D:4      | Gained mutation: You are covered in thick fur. (AC +2)
                  | [Felid growth]
  5736 | D:4      | Reached XP level 6. HP: 28/28 MP: 4/12
  6006 | D:5      | Entered Level 5 of the Dungeon
  6024 | D:5      | Reached skill level 5 in Dodging
  6024 | D:5      | Reached skill level 1 in Hexes
  6326 | D:5      | Found a glowing silver altar of Zin.
  6326 | D:5      | Noticed an angel
  6352 | D:5      | Found a sacrificial altar of Ru.
  6724 | D:5      | Got the Papyrus of the Hazy Dead
  6868 | D:5      | Found a runed translucent gate.
  6869 | D:5      | Found a runed translucent gate.
  6870 | D:5      | Found a runed translucent gate.
  6872 | D:5      | Noticed mkat's ghost (novice MfCA)
  7115 | D:6      | Noticed a sky beast
  7126 | D:6      | Noticed an ice beast
  7160 | D:5      | Killed a sky beast
  7161 | D:5      | Reached XP level 7. HP: 32/32 MP: 1/13
  7279 | D:6      | Noticed Prince Ribbit
  7425 | D:6      | Engulfed by their own flame
  7426 | D:6      | Reached XP level 6. HP: -13/28 MP: 1/13
  7651 | D:5      | Learned a level 4 spell: Summon Lightning Spire
  7758 | D:7      | Reached skill level 6 in Dodging
  7800 | D:7      | Reached skill level 1 in Air Magic
  7800 | D:7      | Reached XP level 7. HP: 33/33 MP: 3/14
  8269 | D:6      | Killed Prince Ribbit
  8646 | D:6      | Found an iron altar of Okawaru.
  8709 | D:6      | Found an opulent altar of Gozag.
  8710 | D:6      | Found a broken altar of Ashenzari.
  8743 | D:6      | Reached XP level 8. HP: 36/36 MP: 3/15
  8750 | D:6      | Became a worshipper of Gozag Ym Sagoz the Greedy
  8974 | D:7      | Reached skill level 5 in Hexes
  9102 | D:7      | Reached skill level 5 in Fighting
  9786 | D:8      | Reached skill level 7 in Dodging
  9797 | D:8      | Reached skill level 5 in Spellcasting
 10030 | D:8      | Found an ornate altar of the Wu Jian Council.
 10093 | D:8      | HP: 1/37 [acid dragon/splash of acid (18)]
 10258 | D:8      | Reached XP level 9. HP: 40/40 MP: 5/17
 10480 | D:8      | Noticed a troll
 10500 | D:8      | Killed a troll
 10501 | D:8      | Reached skill level 5 in Air Magic
 10580 | D:8      | Reached skill level 8 in Dodging
 10629 | D:8      | Found a staircase to the Lair.
 10864 | D:8      | Learned a level 2 spell: Blink
 11168 | D:8      | Noticed Pikel
 11178 | D:8      | Killed Pikel
 11179 | D:8      | Reached skill level 1 in Translocations
 11653 | D:9      | Noticed a two-headed ogre
 11655 | D:9      | Noticed a two-headed ogre
 11766 | D:9      | Killed a two-headed ogre
 11767 | D:9      | Reached XP level 10. HP: 46/46 MP: 4/20
 11999 | D:9      | Reached skill level 9 in Dodging
 12120 | D:9      | Found a staircase to the Orcish Mines.
 12194 | D:9      | Killed a two-headed ogre
 12569 | D:9      | Found a runed translucent gate.
 12570 | D:9      | Found a runed translucent gate.
 12571 | D:9      | Found a runed translucent gate.
 12573 | D:9      | Noticed a red ugly thing
 12573 | D:9      | Noticed a cyan ugly thing
 12573 | D:9      | Noticed a green ugly thing
 12573 | D:9      | Noticed a torpor snail
 12573 | D:9      | a slime creature changed into a torpor snail
 12574 | D:9      | Noticed a cyan ugly thing
 12577 | D:9      | Noticed a shining eye
 12577 | D:9      | a torpor snail changed into a shining eye
 12579 | D:9      | Noticed a swamp dragon
 12579 | D:9      | a shining eye changed into a swamp dragon
 12598 | D:9      | Noticed a steelbarb worm
 12598 | D:9      | Noticed a fire dragon
 12598 | D:9      | a steelbarb worm changed into a fire dragon
 12615 | D:9      | Noticed an alligator
 12615 | D:9      | Noticed a bunyip
 12615 | D:9      | an alligator changed into a bunyip
 12618 | D:9      | Noticed a broodmother
 12618 | D:9      | a bunyip changed into a broodmother
 12623 | D:9      | Noticed an ettin
 12623 | D:9      | a broodmother changed into an ettin
 12624 | D:9      | Noticed a broodmother
 12624 | D:9      | an ettin changed into a broodmother
 12658 | D:9      | Noticed a storm dragon
 12663 | D:9      | Noticed a catoblepas
 12663 | D:9      | a storm dragon changed into a catoblepas
 12666 | D:9      | Noticed a fenstrider witch
 12666 | D:9      | a catoblepas changed into a fenstrider witch
 12795 | D:9      | Noticed an alligator snapping turtle
 12802 | D:9      | Noticed a frost giant
 12802 | D:9      | an alligator snapping turtle changed into a frost giant
 12827 | Lair:1   | Entered Level 1 of the Lair of Beasts
 12827 | Lair:1   | Noticed a cane toad
 12830 | Lair:1   | Noticed Urug
 12878 | Lair:1   | Killed by an exploding themself... ignited by their inner
                  | flame
 12879 | Lair:1   | Reached XP level 9. HP: -10/42 MP: 0/19
 12904 | Lair:1   | Killed Urug
 12907 | Lair:1   | Killed a cane toad
 12920 | Lair:1   | Killed a rime drake
 12921 | Lair:1   | Reached XP level 10. HP: 38/47 MP: 5/21
 12921 | Lair:2   | Noticed an elephant
 12921 | Lair:2   | Noticed an elephant
 12921 | Lair:2   | Noticed an elephant
 12921 | Lair:2   | Noticed an elephant
 12921 | Lair:2   | Noticed an elephant
 12935 | Lair:2   | Noticed an elephant
 12941 | Lair:2   | Found a staircase to the Shoals.
 13071 | Lair:1   | Noticed a seven-headed hydra
 13091 | Lair:1   | Killed a seven-headed hydra
 13092 | Lair:1   | Reached skill level 10 in Dodging
 14226 | Lair:2   | Noticed an elephant
 15063 | Lair:2   | Found a staircase to the Snake Pit.
 15069 | Lair:2   | Noticed a guardian serpent
 15095 | Lair:2   | Killed an elephant
 15112 | Lair:2   | Killed from afar by a guardian serpent

Illustrated notes

Levels and vault maps discovered:
D:1:      dpeg_arrival_shelter, layout_loops_ring, serial_shops, shop,
          nicolae_shop_crystal, shop_fountains, nicolae_shop_window_shopping,
          minmay_strange_pillars, minmay_splitting_lines
D:2:      layout_basic, basic_altar
D:3:      layout_basic, serial_shops, shop_coins, uniq_ijyb
D:4:      layout_gridville, minmay_temple_entry_hall
D:5:      layout_gridville, nicolae_ru_sacrificial_ziggurat, zin_angel,
          biasface_ghost_orc_armoury, serial_bayou_pond_a
D:6:      layout_rooms, okawaru_gym_becter, gammafunk_temple_overflow_pools,
          uniq_prince_ribbit1
D:7:      layout_basic
D:8:      layout_basic, lemuel_doored_altar, erik_lair_island,
          minmay_manual_mares, uniq_pikel
D:9:      layout_cave_pools, erik_orc_3,
          ploomutoo_gammafunk_ghost_potion_laboratory
Temple:   nicolae_temple_superstar
Lair:1:   layout_regular_city, serial_bayou_shore_b, uniq_urug
Lair:2:   layout_regular_city, shoals_dummy_entry,
          minmay_snake_entry_spellcaster, hangedman_lair_unloving_vines,
          serial_bayou_shore_b

Skill      XL: |  1  2  3  4  5  6  7  8  9 10 |
---------------+-------------------------------+-----
Stealth        | 3 |  3.7
Dodging        | 3 4 6 7 8 10 | 10.6
Fighting       | 3 4 5 7 8 |  8.0
Spellcasting   | 3 4 5 6 7 |  7.5
Summonings     | 5 6 8 |  8.9
Hexes          | 2 4 5 |  5.0
Air Magic      | 1 2 4 5 7 |  7.0
Translocations | 2 3 |  3.0

Action                   |  1- 3 |  4- 6 |  7- 9 | 10-12 || total
-------------------------+-------+-------+-------+-------++-------
Melee: Unarmed           |    23 |    18 |    32 |    34 ||   107
       Bite              |     2 |     2 |     3 |     7 ||    14
       Punch             |       |       |       |     1 ||     1
 Cast: Summon Small Mamm |    60 |    46 |    21 |    13 ||   140
       Call Imp          |    18 |    19 |    11 |     5 ||    53
       Call Canine Famil |     5 |    29 |    25 |    14 ||    73
       Summon Guardian G |       |     8 |    28 |    17 ||    53
       Summon Lightning  |       |       |    17 |    24 ||    41
Evoke: Wand              |       |     1 |    12 |     1 ||    14
  Use: Scroll            |       |    16 |     6 |     6 ||    28
       Potion            |       |     2 |     2 |     6 ||    10
 Stab: Sleeping          |     4 |     7 |     2 |     1 ||    14
       Distracted        |       |       |     1 |     1 ||     2
       Paralysed         |       |       |     1 |       ||     1
Armor: Skin              |     5 |     7 |    16 |    12 ||    40
Dodge: Dodged            |    23 |    48 |    95 |    61 ||   227
